 Dungeon Crawl Stone Soup version 0.30-a0-585-g93115170b9 (webtiles) character file.

Game seed: 4521435037552481550

6695 HoaS the Fighter (level 10, -1/55 HPs)
             Began as a Felid Berserker on Jan 2, 2023.
             Was a High Priest of Trog.
             Slain by a catoblepas (12 damage)
             ... while petrified by a catoblepas
             ... on level 3 of the Lair of Beasts.
             The game lasted 00:44:39 (15798 turns).

HoaS the Fighter (Felid Berserker)                 Turns: 15798, Time: 00:44:39

Health: -1/55      AC:  6    Str: 17    XL:     10   Next: 74%
Magic:  11/11      EV:  4    Int:  9    God:    Trog [*****.]
Gold:   986        SH:  0    Dex: 16    Spells: 9/9 levels left
                                        Lives:  0   Deaths: 2

rFire   . . .      SeeInvis +      - Unarmed
rCold   . . .      Faith    .    (shield unavailable)
rNeg    + + +      Spirit   .    (body armour unavailable)
rPois   ∞          Reflect  .    (helmet unavailable)
rElec   .          Harm     .    (cloak unavailable)
rCorr   .          Rampage  .    (gloves unavailable)
Will    +++..                    (boots unavailable)
Stlth   +                        (no amulet)
HPRegen 1.29/turn                d - +4 ring of protection
MPRegen 0.12/turn                j - +5 ring of evasion

@: petrified, strong-willed (expiring), regenerating (expiring), quick
A: very small, claws 1, fangs 3, see invisible, speed 1, shaggy fur 2, stealthy
paws, no weapons or thrown items, no armour, multi-lived
a: Renounce Religion, Berserk, Trog's Hand, Brothers in Arms


You were on level 3 of the Lair of Beasts.
You worshipped Trog.
Trog was extremely pleased with you.
You visited 3 branches of the dungeon, and saw 14 of its levels.
You also visited: Ossuary.

You collected 986 gold pieces.

Inventory:

Jewellery
 d - a +4 ring of protection (left paw)
 j - a +5 ring of evasion (right paw)
 y - a ring of ice
 A - a +5 ring of evasion
Wands
 i - a wand of roots (15)
 s - a wand of paralysis (13)
 v - a wand of flame (28)
 w - a wand of mindburst (31)
Scrolls
 g - a scroll of blinking
 n - 2 scrolls of silence
 o - a scroll of fear
 p - 3 scrolls of magic mapping
 q - 5 scrolls of teleportation
 t - 2 scrolls of fog
Potions
 a - 3 potions of flight
 b - 4 potions of cancellation
 c - 3 potions of lignification
 e - 4 potions of might
 f - 3 potions of curing
 h - 3 potions of haste
 k - a potion of ambrosia
 l - 3 potions of invisibility
 m - a potion of resistance {unknown}
 r - 4 potions of mutation
 u - a potion of heal wounds {unknown}
 x - a potion of magic
 z - a potion of attraction {unknown}


   Skills:
 * Level 13.4 Fighting
 + Level 12.6 Dodging
 * Level 13.4 Unarmed Combat


You had 9 spell levels left.
You didn't know any spells.
Your spell library was empty.

Dungeon Overview and Level Annotations

Branches:
Dungeon (10/15)            Temple (1/1) D:6            Lair (3/5) D:10
 Shoals (0/4) Lair:2        Snake (0/4) Lair:2      Ossuary (visited)
    Orc: D:9-12

Altars:
Ashenzari
Cheibriados
Dithmenos
Elyvilon
Fedhas
Gozag
Hepliaklqana
Kikubaaqudgha
Makhleb
Nemelex Xobeh
Okawaru
Qazlal
Ru
Sif Muna
Trog
Uskayaw
Vehumet
Wu Jian
Yredelemnul
Zin
The Shining One

Shops:
D:1 (   D:4 [   D:6 *   D:8 [

Annotations:
D:7 3 runed translucent doors, Crownlay's ghost, novice GnWn


Innate Abilities, Weirdness & Mutations

You have sharp claws.
You have razor-sharp teeth.
You have supernaturally acute eyesight. (SInv)
You cover ground quickly. (Speed+)
You are covered in thick fur. (AC +2)
Your paws help you pounce on unaware monsters.
You are incapable of wielding weapons or throwing items.
You cannot wear armour.
You gain extra lives every three experience levels.


Message History

The catoblepas breathes a plume of calcifying dust at you.
The blast of calcifying dust hits you.
You scratch the catoblepas but do no damage.
The catoblepas is severely wounded.
You are engulfed in calcifying dust.
The catoblepas breathes a plume of calcifying dust at you.
The blast of calcifying dust hits you.
You scratch the catoblepas.
You bite the catoblepas, but do no damage.
The catoblepas is severely wounded.
You are engulfed in calcifying dust.
The catoblepas gores you!
You scratch the catoblepas.
The catoblepas is severely wounded.
You are engulfed in calcifying dust.
You scratch the catoblepas but do no damage.
You bite the catoblepas, but do no damage.
The catoblepas is severely wounded.
You are engulfed in calcifying dust.
The catoblepas breathes a plume of calcifying dust at you.
The blast of calcifying dust hits you.
You scratch the catoblepas but do no damage.
The catoblepas is severely wounded.
You are engulfed in calcifying dust.
The catoblepas gores you!!
You scratch the catoblepas. You claw the catoblepas.
You bite the catoblepas, but do no damage.
The catoblepas is severely wounded.
You are engulfed in calcifying dust.
You are slowing down.
You feel the effects of Trog's Hand fading.
The catoblepas misses you.
Unknown command.
You scratch the catoblepas.
The catoblepas is severely wounded.
You are engulfed in calcifying dust.
Your limbs have turned to stone.
The catoblepas gores you!
* * * LOW HITPOINT WARNING * * *
You have turned to stone.
You are engulfed in calcifying dust.
The catoblepas barely misses you. The catoblepas gores you!!
You die...

#####..≈≈§≈≈≈§≈≈≈≈≈§
#.§§§§≈≈≈≈≈≈≈≈≈≈≈
##..≈≈§≈≈≈≈....≈§≈
#..≈≈≈≈§§...##..§§
##.≈≈§§§≈..####..§
##..§≈≈§§..#.k .#.§
##.§§≈≈≈≈§§##$) ##§
#..Y§§≈§§§.## #.
###§#@.≈≈≈§§..#. §§
#.†..#.≈≈§§≈≈§.# .§
+......≈≈≈§§§... §§
####....≈≈≈≈§§§. §§
###..≈≈≈≈§§≈≈
#..§§≈≈§§§§
##...≈≈≈§§§
##..§≈§≈§§
#.....≈≈≈≈


You could see a catoblepas.

Vanquished Creatures
  Harold (D:9)
  Erica (D:8)
  A boulder beetle (Lair:1)
  2 two-headed ogres
  A merfolk siren (Lair:2)
  Maurice (D:10)
  3 black mambas
  4 cane toads
  4 komodo dragons
  Psyche (D:8)
  4 kobold demonologists
  A rime drake (Lair:2)
  2 trolls (D:10)
  Grinder (D:6)
  3 blink frogs (Lair:1)
  3 wraiths (D:10)
  A wyvern (Lair:3)
  2 shadows
  5 basilisks
  19 yaks
  A steam dragon (D:7)
  4 nagas (Lair:2)
  Edmund (D:6)
  Duvessa (D:6)
  7 water moccasins
  A black bear (D:6)
  An ice beast (D:7)
  3 ogres
  6 wolves
  4 centaurs
  3 phantoms
  Blork the orc (D:6)
  4 kobold brigands (D:9)
  7 bullfrogs
  A necrophage (D:8)
  A scorpion (D:4)
  3 wights (D:9)
  Dowan (D:6)
  2 killer bees
  The ghost of caveywoolpert the Digger, a weakling DgEE (D:3)
  7 howler monkeys
  An electric eel (D:8)
  3 gnoll boudas
  5 hounds
  3 jellies
  2 orc priests
  2 iguanas
  8 orc wizards
  3 mummies (Ossuary)
  Robin (D:2)
  18 gnolls
  12 adders
  A shadow imp (Temple)
  2 white imps
  2 dart slugs
  44 orcs
  6 endoplasms
  3 giant cockroaches
  A gnoll zombie (Ossuary)
  12 goblins
  9 hobgoblins
  21 kobolds
  2 quokkas
  7 ball pythons
  2 bats (D:2)
  A goblin zombie (Ossuary)
  3 kobold zombies (Ossuary)
  3 orc zombies (Ossuary)
  3 rats
300 creatures vanquished.

Vanquished Creatures (others)
  6 fungi
  11 plants
17 creatures vanquished.

Grand Total: 317 creatures vanquished

Notes
Turn   | Place    | Note
-------+----------+-------------------------------------------
     0 | D:1      | HoaS the Felid Berserker began the quest for the Orb.
     0 | D:1      | Reached XP level 1. HP: 10/10 MP: 2/2
   237 | D:1      | Found Ulebrier's Antique Weapon Shoppe.
   518 | D:1      | Reached XP level 2. HP: 14/14 MP: 3/3
  1027 | D:2      | Noticed Robin
  1105 | D:2      | Reached XP level 3. HP: 14/17 MP: 4/4
  1862 | D:2      | Killed Robin
  1863 | D:2      | Reached XP level 4. HP: 22/22 MP: 5/5
  1938 | D:2      | Reached ** piety under Trog
  2057 | D:3      | Noticed a centaur
  2057 | D:3      | Noticed caveywoolpert's ghost (weakling DgEE)
  2060 | D:3      | Found a transporter.
  2364 | D:3      | Found a transporter.
  2549 | D:3      | Reached XP level 5. HP: 25/25 MP: 6/6
  2601 | D:2      | Reached skill level 5 in Dodging
  2856 | D:3      | Found a faded altar of an unknown god.
  2886 | D:3      | Found a blossoming altar of Fedhas.
  2903 | D:3      | Found a sparkling altar of Nemelex Xobeh.
  3268 | D:4      | Found Dobeo's Antique Armour Shoppe.
  3373 | D:4      | Found a sand-covered staircase.
  3381 | Ossuary  | Entered an ossuary
  3810 | D:3      | Gained mutation: You are covered in thick fur. (AC +2)
                  | [Felid growth]
  3810 | D:3      | Reached XP level 6. HP: 30/30 MP: 7/7
  4056 | D:4      | Reached *** piety under Trog
  4057 | D:4      | Reached skill level 5 in Unarmed Combat
  4061 | D:4      | Found a hazy altar of Hepliaklqana.
  4347 | D:5      | Entered Level 5 of the Dungeon
  4359 | D:4      | Reached skill level 5 in Fighting
  4593 | D:5      | Reached XP level 7. HP: 32/34 MP: 8/8
  5352 | D:6      | Noticed Duvessa
  5352 | D:6      | Noticed Dowan
  5607 | D:6      | Killed Duvessa
  5608 | D:6      | Reached XP level 8. HP: 7/39 MP: 9/9
  5610 | D:6      | Killed Dowan
  6038 | D:6      | Found Qaomyud's Fire Supplies.
  6049 | D:6      | Noticed Edmund
  6068 | D:6      | Killed Edmund
  6337 | D:6      | Found a staircase to the Ecumenical Temple.
  6481 | D:6      | Reached **** piety under Trog
  6485 | D:6      | Noticed Blork the orc
  6503 | Temple   | Entered the Ecumenical Temple
  6516 | D:6      | Killed Blork the orc
  6695 | D:6      | Found a stormy altar of Qazlal.
  6745 | D:6      | Noticed Grinder
  6761 | D:6      | Paralysed by Grinder for 4 turns
  6784 | D:6      | Killed Grinder
  7208 | D:7      | Found a radiant altar of Vehumet.
  7261 | D:7      | Reached XP level 9. HP: 37/44 MP: 10/10
  8087 | D:7      | Found a runed translucent gate.
  8157 | D:7      | Found a runed translucent gate.
  8158 | D:7      | Noticed a centaur warrior
  8158 | D:7      | Noticed an unseen horror
  8159 | D:7      | Found a runed translucent gate.
  8159 | D:7      | Found an opulent altar of Gozag.
  8159 | D:7      | Noticed Crownlay's ghost (novice GnWn)
  8312 | D:3      | Killed caveywoolpert's ghost
  8519 | D:8      | Noticed Erica
  8546 | D:8      | Killed Erica
  8869 | D:8      | Noticed Psyche
  8882 | D:8      | Killed Psyche
  8883 | D:8      | Reached XP level 10. HP: 50/50 MP: 11/11
  9575 | D:8      | Found Muihif's Antique Armour Emporium.
  9756 | D:8      | Found a hide-covered altar of Uskayaw.
  9806 | D:8      | Noticed a two-headed ogre
  9828 | D:8      | Killed a two-headed ogre
  9829 | D:8      | Reached skill level 10 in Fighting
  9829 | D:8      | Reached skill level 10 in Unarmed Combat
  9989 | D:8      | Reached skill level 10 in Dodging
 10126 | D:9      | Noticed Harold
 10136 | D:9      | Killed Harold
 11193 | D:10     | Entered Level 10 of the Dungeon
 11279 | D:10     | Found a large runed translucent door.
 11280 | D:10     | Found a large runed translucent door.
 11349 | D:10     | Noticed Maurice
 11368 | D:10     | Killed Maurice
 11369 | D:10     | Reached XP level 11. HP: 55/55 MP: 12/12
 11441 | D:10     | Noticed a two-headed ogre
 11447 | D:10     | Killed a two-headed ogre
 11535 | D:10     | Found a shimmering blue altar of Sif Muna.
 11615 | D:10     | Found a staircase to the Lair.
 12010 | D:10     | Found a bloodstained altar of Trog.
 12016 | D:10     | Found a snail-covered altar of Cheibriados.
 12081 | Lair:1   | Entered Level 1 of the Lair of Beasts
 12582 | Lair:1   | Reached ***** piety under Trog
 12750 | Lair:1   | Noticed a boulder beetle
 12752 | Lair:1   | Slain by a blink frog
 12753 | Lair:1   | Reached XP level 10. HP: -2/53 MP: 11/11
 12934 | Lair:1   | Killed a boulder beetle
 13235 | Lair:1   | Reached XP level 11. HP: 55/57 MP: 12/12
 14178 | Lair:2   | Found a staircase to the Snake Pit.
 14768 | Lair:2   | Found a staircase to the Shoals.
 15689 | Lair:3   | Noticed a catoblepas
 15738 | Lair:3   | Slain by a cane toad
 15739 | Lair:3   | Reached XP level 10. HP: 0/55 MP: 11/11
 15747 | Lair:3   | Noticed a lindwurm
 15798 | Lair:3   | Slain by a catoblepas

Illustrated notes

Levels and vault maps discovered:
D:1:      amcnicky_arrival_choice, layout_loops_corners, serial_shops, shop
D:2:      layout_loops_ring, minmay_cupped, uniq_robin
D:3:      layout_rooms, mainiacjoe_overflow_small_starburst,
          nemelex_xobeh_ov_fountains_minmay, dreamdust_ecumenical_altar_statues,
          gammafunk_ghost_arena
D:4:      kennysheep_big_flooded_room, layout_gridville,
          mainiacjoe_overflow_alcove_2, lightli_ossuary_entry_decrepit_ruins,
          nicolae_wooded_promenade, minmay_diced_spiral
D:5:      layout_cave_pools, nicolae_overflow_hidden_temple
D:6:      layout_gridville, grunt_qazlal_sundering, minmay_temple_entry_glass,
          nicolae_shop_fire_sale [nicolae_sub_dead_trees], uniq_duvessa,
          uniq_blork_the_orc, uniq_grinder, uniq_edmund
D:7:      layout_basic, amcnicky_altar_gilded, ebering_ghost_gozag, st_stairs_6
D:8:      wad_river_or_something, layout_basic, mainiacjoe_overflow_alcove_4,
          serial_shops, nicolae_shop_trees, uniq_erica, uniq_psyche
D:9:      layout_basic, uniq_harold
D:10:     layout_roguey, overflow_temple_1_default, jmf_multi_god_temple2,
          lair_entry_dummy, minmay_misc_feat_columns, uniq_maurice
Temple:   nicolae_temple_no_exploring_needed
Lair:1:   layout_cave_pods
Lair:2:   layout_loops_ring, minmay_shoals_entry_lonely_mermaid,
          minmay_snake_entry_guardpost_small
Lair:3:   layout_roguey, minmay_lindwurm_lava

Skill      XL: |  1  2  3  4  5  6  7  8  9 10 11 |
---------------+----------------------------------+-----
Unarmed Combat | 4 5 6 8 9 11 13 | 13.4
Fighting       | 4 5 6 8 9 11 13 | 13.4
Dodging        | 5 6 7 9 10 12 | 12.6

Action                   |  1- 3 |  4- 6 |  7- 9 | 10-12 || total
-------------------------+-------+-------+-------+-------++-------
Melee: Unarmed           |    98 |   212 |   335 |   561 ||  1206
       Bite              |     6 |    26 |    51 |    91 ||   174
       Punch             |     4 |     8 |    18 |    51 ||    81
Invok: Trog's Hand       |       |     1 |     6 |     7 ||    14
       Berserk           |       |       |     4 |     4 ||     8
Evoke: Wand              |       |       |       |     1 ||     1
  Use: Scroll            |     4 |    13 |     3 |     7 ||    27
       Potion            |       |       |       |     2 ||     2
 Stab: Sleeping          |     2 |       |     1 |     1 ||     4
       Distracted        |       |     1 |       |       ||     1
Armor: Skin              |     9 |    19 |    28 |    30 ||    86
Dodge: Dodged            |    70 |   153 |   316 |   448 ||   987

Table legend: (Time is in decaauts)
 A = Elapsed time spent in this place.
 B = Non-inter-level travel time spent in this place.
 C = Inter-level travel time spent in this place.
 D = Time resting spent in this place.
 E = Time spent auto-exploring this place.
 F = Levels seen in this place.
 G = Mean time per level.
                   A        B        C        D        E       F      G
               +--------+--------+--------+--------+--------+-----+--------+
         Total |  13715 |  13013 |    702 |   3373 |   6198 |  15 |  914.3 |
       Dungeon |  10308 |   9691 |    617 |   2365 |   4679 |  10 | 1030.8 |
        Temple |      5 |      5 |      0 |      0 |      0 |   1 |    5.0 |
          Lair |   3127 |   3042 |     85 |    935 |   1423 |   3 | 1042.3 |
       Ossuary |    274 |    274 |      0 |     73 |     94 |   1 |  274.0 |
               +--------+--------+--------+--------+--------+-----+--------+

Top non-repeatable levels by time:
  Lair:1: 1707 daAuts
     D:8: 1333 daAuts
     D:6: 1289 daAuts
  Lair:2: 1122 daAuts
     D:5: 1117 daAuts
     D:2: 1064 daAuts
     D:4: 1037 daAuts
     D:9: 1034 daAuts
     D:7: 910 daAuts
     D:3: 878 daAuts
    D:10: 857 daAuts
     D:1: 784 daAuts
  Lair:3: 298 daAuts
 Ossuary: 274 daAuts
  Temple: 5 daAuts
